 Dungeon Crawl Stone Soup version 0.20-a0-455-gc3b7d50 (webtiles) character file.

403 Queen the Cudgeler (level 6, -6/47 HPs)
             Began as a Demonspawn Berserker on Jan 10, 2017.
             Was a Believer of Trog.
             Mangled by an ogre
             ... wielding a +0 giant club
              (26 damage)
             ... on level 3 of the Dungeon.
             The game lasted 00:13:01 (2902 turns).

Queen the Cudgeler (Demonspawn Berserker)           Turns: 2902, Time: 00:13:01

Health: -6/47      AC:  2    Str: 18    XL:     6   Next: 55%
Magic:  15/15      EV: 12    Int:  8    God:    Trog [**....]
Gold:   178        SH:  0    Dex: 14    Spells: 5/5 levels left

rFire  . . .     SeeInvis .     r - +0 mace
rCold  . . .     Gourm    +     m - +0 animal skin
rNeg   . . .     Faith    .     (no shield)
rPois  .         Spirit   .     (helmet restricted)
rElec  .         Reflect  .     (no cloak)
rCorr  .         Harm     .     (no gloves)
MR     .....                    (no boots)
Stlth  +.........               b - amulet of the gourmand
                                (no ring)
                                j - ring of magical power

@: no status effects
A: antennae 1, powered by pain 2
a: Berserk, Trog's Hand, Burn Spellbooks, Renounce Religion


You were on level 3 of the Dungeon.
You worshipped Trog.
Trog was pleased with you.
You were completely stuffed.

You visited 1 branch of the dungeon, and saw 3 of its levels.

You collected 178 gold pieces.

Inventory:

Hand Weapons
 r - a +0 mace (weapon)
Armour
 m - a +0 animal skin (worn)
Jewellery
 b - an amulet of the gourmand (around neck)
 j - a ring of magical power (left hand)
Scrolls
 h - a scroll of remove curse
 i - a scroll of blinking {unknown}
 k - a scroll of identify
 n - a scroll of immolation {unknown}
 p - a scroll of amnesia {unknown}
Potions
 a - 4 potions of brilliance {unknown}
 d - 2 potions of magic
 e - a potion of might {unknown}
 g - a potion of invisibility
 q - 3 potions of haste {unknown}
Comestibles
 c - 3 bread rations
 f - a chunk of flesh
 l - 2 beef jerkies
 o - a royal jelly
 s - 5 fruits


   Skills:
 - Level 3.0 Fighting
 + Level 6.8 Maces & Flails
 - Level 1.7 Armour
 - Level 1.7 Dodging


You had 5 spell levels left.
You didn't know any spells.

Dungeon Overview and Level Annotations

Branches:
Dungeon (3/15)

Altars:


Innate Abilities, Weirdness & Mutations

You have a pair of small antennae on your head.
You sometimes gain power by taking damage.


Message History

Things that are here:
a whip; a kobold corpse You butcher the kobold corpse.
Things that are here:
a whip; an inedible chunk of flesh
Found a hunting sling.
Found a stone staircase leading down.
An ogre comes into view. It is wielding a giant club.
The ogre shouts!
Press: ? - help, v - describe, . - travel The floor.
Okay, then. 2 rats come into view.
The ogre hits you with a giant club!!
Ouch! That really hurt!
You hit the ogre.
The ogre is lightly wounded.
The ogre hits you with a giant club!!
Ouch! That really hurt!
You die...

#.......#############
#.......#
#.......########
##............... ###
#.....##############.⌠
#.....# #..._ #.....#
#.... #.....# #.8P.
#....@# #####÷
##...O....... #.....
#.......r... ###...
#>....r..... ####
#...........
#...........
#...........
#...........


You could see an ogre and 2 rats.

Vanquished Creatures
  Sigmund (D:2)
  The ghost of Queen the Conjurer, an amateur DrCj (D:3)
  Jessica (D:2)
  Robin (D:2)
  4 adders
  A worm (D:2)
  2 dart slugs (D:1)
  A leopard gecko (D:3)
  An orc (D:3)
  7 giant cockroaches
  14 goblins
  12 hobgoblins
  5 jackals
  2 quokkas (D:2)
  2 ball pythons
  8 bats
  2 frilled lizards
  7 kobolds
  11 rats
83 creatures vanquished.

Notes
Turn   | Place    | Note
-------+----------+-------------------------------------------
     0 | D:1      | Queen the Demonspawn Berserker began the quest for the Orb.
     0 | D:1      | Reached XP level 1. HP: 18/18 MP: 1/1
    99 | D:1      | Reached skill level 3 in Maces & Flails
   185 | D:1      | Gained mutation: You have a pair of small antennae on your head. [demonic ancestry]
   185 | D:1      | Reached XP level 2. HP: 17/24 MP: 2/2
  1025 | D:1      | Reached ** piety under Trog
  1098 | D:1      | Reached XP level 3. HP: 28/29 MP: 3/3
  1311 | D:1      | Reached skill level 4 in Maces & Flails
  1332 | D:2      | Noticed Robin
  1358 | D:2      | Killed Robin
  1374 | D:2      | HP: 1/29 [hobgoblin/club[Robin] (2)]
  1383 | D:2      | Gained mutation: You sometimes gain a little power by taking damage. [demonic ancestry]
  1383 | D:2      | Reached XP level 4. HP: 35/35 MP: 4/4
  1620 | D:2      | Noticed Sigmund
  1640 | D:2      | Killed Sigmund
  1640 | D:2      | Reached skill level 6 in Maces & Flails
  1640 | D:2      | Reached XP level 5. HP: 22/41 MP: 5/5
  1660 | D:2      | Noticed Jessica
  1670 | D:2      | Killed Jessica
  1670 | D:2      | Gained mutation: You sometimes gain power by taking damage. [demonic ancestry]
  1670 | D:2      | Reached XP level 6. HP: 42/47 MP: 6/6
  2151 | D:3      | Noticed Queen's ghost (amateur DrCj)
  2177 | D:3      | HP: 2/70 [Queen's ghost (6)]
  2180 | D:3      | Killed Queen's ghost
  2588 | D:3      | Found a faded altar of an unknown god.
  2902 | D:3      | Mangled by an ogre

Vault maps used:
D:1:      dpeg_arrival_ratfight
D:2:      uniq_jessica, uniq_sigmund, uniq_robin
D:3:      chequers_ecumenical_altar_lobes, minmay_cupped

Skill      XL: |  1  2  3  4 |
---------------+-------------+-----
Maces & Flails | 3 4 6 |  6.8
Fighting       | |  3.0
Armour         | |  1.7
Dodging        | |  1.7

Action                   |  1- 3 |  4- 6 || total
-------------------------+-------+-------++-------
Melee: Mace              |   124 |   133 ||   257
Invok: Trog's Hand       |     2 |     3 ||     5
       Berserk           |     1 |     2 ||     3
  Use: Scroll            |     4 |     1 ||     5
       Potion            |     2 |     1 ||     3
 Stab: Sleeping          |     1 |     1 ||     2
       Invisible         |     2 |       ||     2
  Eat: Chunk             |     1 |    25 ||    26
Armor: Animal skin       |    17 |    16 ||    33
Dodge: Dodged            |    75 |   104 ||   179
